cohdb
Replays
Latest Replays
All Replays
Popular Replays
Top Player Replays
Match Explorer
How It Works
Community
CoH3 Stats
Reddit
Sign in to upload your games and track your stats! →
Sign in with Steam
i6g8l1f4387
Match 22206614
Overview
Messages
Build Orders
End
Panzergrenadier Squad
Selects Battlefield Espionage Battlegroup
Panzergrenadier Squad
Panzergrenadier Squad
Construct Light Support Kompanie
Fire Support Elements
Flakvierling Half-track
Veteran Squad Leaders
2.5-tonne Medical Truck
Selects 250/3 Funkpanzerwagen
Selects Intel Disruption Beacon
Pak 38 Anti-tank Gun Team
Pak 38 Anti-tank Gun Team
Pak 38 Anti-tank Gun Team
Construct Panzerarmee Kommand
Selects Plunder
Walking Stuka Rocket Launcher
Selects Firestorm
Walking Stuka Rocket Launcher
Firestorm
Armored Reserves
Selects Advanced Ambush Training
Firestorm
Firestorm
PRIVATE
MajikMouse
badassbunny
i6g8l1f4387
Valieriumborn
Computer - Hard
Old smoking Man
Jimmy
0
0
Comments
sign in to comment!
Jimmy [U]
about 1 year ago
i6g8l1f4387 the cheater